[Event "RUS-chTW Premier 2019"]
[Site "Sochi"]
[Date "2019.05.08"]
[Round "7.9"]
[White "Sudakova, Irina"]
[Black "Badelka, Olga"]
[Result "0-1"]
[ECO "B24"]
[WhiteElo "2313"]
[BlackElo "2383"]
[Annotator "NA RC"]
[PlyCount "92"]
[EventDate "2019.04.30"]
[EventType "team-tourn"]
[EventCountry "RUS"]
[SourceTitle "playchess.com"]
[Source "ChessBase"]
[SourceQuality "1"]
[TimeControl "40/5400+30:1800+30"]

1. e4 c5 2. Nc3 Nc6 3. g3 g6 4. Bg2 Bg7 5. d3 e6 6. Be3 d6 7. Qd2 Rb8 8. f4 Nge7 9. Nf3 Nd4 10. O-O b5 11. Rae1 b4 12. Nd1 Qa5 13. a3 Qa4 14. Bxd4 cxd4 15. b3 Qxa3 16. e5 dxe5 17. fxe5 Qa5 18. Qf4 O-O 19. Qxd4 Qc7 20. Nf2 Nf5 21. Qf4 Qxc2 22. g4 Ne7 23. Ne4 Nd5 24. Qg3 Bb7 25. g5 Nc3 26. Nf6+ Bxf6 27. gxf6 Ne2+ 28. Rxe2 Qxe2 29. Qf4 Kh8 30. Rf2 Qd1+ 31. Rf1 Bxf3 32. Bxf3 Qxd3 33. Rd1 Qf5 34. Qh6 Rg8 35. Rd4 g5 36. Be4 Rg6 37. Qg7+ Rxg7 38. fxg7+ Kxg7 39. Bxf5 exf5 40. Rd7 Re8 41. Rb7 Rxe5 42. Rxb4 a6 43. Ra4 Rb5 44. Rxa6 Rxb3 45. h4 g4 46. h5 Rh3 0-1

[Event "RUS-chTW Premier 2019"]
[Site "Sochi"]
[Date "2019.05.08"]
[Round "7.10"]
[White "Dordzhieva, Dinara"]
[Black "Protopopova, Anastasiya"]
[Result "1-0"]
[ECO "D70"]
[WhiteElo "2280"]
[BlackElo "2249"]
[Annotator "NA RC"]
[PlyCount "79"]
[EventDate "2019.04.30"]
[EventType "team-tourn"]
[EventCountry "RUS"]
[SourceTitle "playchess.com"]
[Source "ChessBase"]
[SourceQuality "1"]
[TimeControl "40/5400+30:1800+30"]

1. d4 d5 2. c4 c6 3. Nf3 Nf6 4. Nbd2 g6 5. g3 Bg7 6. Bg2 O-O 7. O-O dxc4 8. Nxc4 Be6 9. Qc2 Na6 10. b3 Bf5 11. Qd1 c5 12. Bb2 Nd5 13. Nfe5 f6 14. e4 fxe5 15. dxe5 Nf4 16. exf5 Nxg2 17. fxg6 b5 18. Na3 Nf4 19. gxh7+ Kxh7 20. gxf4 Qe8 21. Qf3 e6 22. Qd3+ Rf5 23. Nxb5 Nb4 24. Qh3+ Rh5 25. Qf3 Qg6+ 26. Kh1 Rh8 27. Qg2 Qh6 28. Rad1 Nd5 29. Rxd5 exd5 30. Rg1 d4 31. Bc1 Kg8 32. Qd5+ Kh7 33. Rg2 Rxe5 34. fxe5 Qxc1+ 35. Rg1 Qf4 36. Nd6 Rf8 37. e6 Be5 38. Qb7+ Kh8 39. Qg2 Qh6 40. Nf7+ 1-0

[Event "RUS-chTW Premier 2019"]
[Site "Sochi"]
[Date "2019.05.08"]
[Round "7.11"]
[White "Lysenko, Margarita"]
[Black "Maltsevskaya, Aleksandra"]
[Result "0-1"]
[ECO "E68"]
[WhiteElo "2211"]
[BlackElo "2299"]
[Annotator "NA RC"]
[PlyCount "78"]
[EventDate "2019.04.30"]
[EventType "team-tourn"]
[EventCountry "RUS"]
[SourceTitle "playchess.com"]
[Source "ChessBase"]
[SourceQuality "1"]
[TimeControl "40/5400+30:1800+30"]

1. d4 Nf6 2. Nf3 g6 3. g3 Bg7 4. Bg2 O-O 5. O-O d6 6. c4 Nbd7 7. Nc3 e5 8. e4 exd4 9. Nxd4 Re8 10. h3 a6 11. Be3 Nc5 12. Qc2 Bd7 13. Rfe1 Rb8 14. Rad1 Qc8 15. Kh2 b5 16. b4 Na4 17. Nxa4 bxa4 18. Rb1 c5 19. bxc5 dxc5 20. Ne2 Rxb1 21. Rxb1 h5 22. Nc3 h4 23. gxh4 Nh5 24. Nd5 Be6 25. Qxa4 Be5+ 26. f4 Bxd5 27. fxe5 Bc6 28. Qd1 Qa8 29. Qg4 Rxe5 30. Rb6 Bxe4 31. Bxe4 Rxe4 32. Qf3 Qe8 33. Bxc5 Qe5+ 34. Kg2 Nf4+ 35. Kh1 Re1+ 36. Bg1 Qd4 37. Rb8+ Kh7 38. Qg4 Qe4+ 39. Kh2 Re2+ 0-1

[Event "RUS-chTW Premier 2019"]
[Site "Sochi"]
[Date "2019.05.08"]
[Round "7.12"]
[White "Diakonova, Ekaterina"]
[Black "Geller, Anastasiya"]
[Result "1-0"]
[ECO "B18"]
[WhiteElo "2211"]
[BlackElo "2187"]
[Annotator "NA RC"]
[PlyCount "67"]
[EventDate "2019.04.30"]
[EventType "team-tourn"]
[EventCountry "RUS"]
[SourceTitle "playchess.com"]
[Source "ChessBase"]
[SourceQuality "1"]
[TimeControl "40/5400+30:1800+30"]

1. e4 c6 2. d4 d5 3. Nc3 dxe4 4. Nxe4 Bf5 5. Ng3 Bg6 6. Nf3 Nd7 7. Bd3 e6 8. O-O Ngf6 9. b3 Bxd3 10. Qxd3 c5 11. Bb2 cxd4 12. Nxd4 Be7 13. c4 O-O 14. a3 Nc5 15. Qc2 a6 16. b4 Ncd7 17. Rfd1 Qc7 18. c5 Rfe8 19. Rac1 Bf8 20. Qe2 Qf4 21. Nf3 Nd5 22. Ne5 Nxe5 23. Bxe5 Qg5 24. Rc4 f6 25. Bb2 f5 26. Qf3 Rad8 27. Be5 Ne7 28. Rxd8 Rxd8 29. Qxb7 Rd1+ 30. Nf1 Nd5 31. Qc6 Ne3 32. Qxe6+ Kh8 33. Bxg7+ Qxg7 34. Qxe3 1-0

[Event "RUS-chTW Premier 2019"]
[Site "Sochi"]
[Date "2019.05.08"]
[Round "7.13"]
[White "Shuvalova, Polina"]
[Black "Grigorieva, Yulia"]
[Result "1/2-1/2"]
[ECO "C96"]
[WhiteElo "2439"]
[BlackElo "2128"]
[Annotator "RC"]
[PlyCount "112"]
[EventDate "2019.04.30"]
[EventType "team-tourn"]
[EventCountry "RUS"]
[SourceTitle "playchess.com"]
[Source "ChessBase"]
[SourceQuality "1"]
[TimeControl "40/5400+30:1800+30"]

1. e4 e5 2. Nf3 Nc6 3. Bb5 a6 4. Ba4 Nf6 5. O-O Be7 6. Re1 b5 7. Bb3 O-O 8. h3 d6 9. c3 Na5 10. Bc2 c5 11. d4 Nd7 12. b3 exd4 13. cxd4 Nc6 14. Bb2 cxd4 15. Nxd4 Nxd4 16. Bxd4 Bf6 17. Nc3 Bb7 18. Nd5 Bxd5 19. exd5 Bxd4 20. Qxd4 Qf6 21. Qg4 Nb6 22. a4 Rac8 23. Be4 Rc5 24. b4 Rc7 25. axb5 axb5 26. Bd3 g6 27. Bxb5 Nxd5 28. Be2 h5 29. Qg3 Nxb4 30. Rad1 Nc2 31. Rf1 Nd4 32. Bd3 Re8 33. Kh1 Rc3 34. Qh2 h4 35. Qg1 Nf3 36. gxf3 Qxf3+ 37. Qg2 Rxd3 38. Qxf3 Rxf3 39. Kg2 Rf6 40. Rd4 g5 41. Rg4 Rg6 42. f4 Re2+ 43. Kf3 Rh2 44. Rxg5 Rxh3+ 45. Kg4 Rg3+ 46. Kxh4 R3xg5 47. fxg5 d5 48. Rd1 Rd6 49. Rd4 Kf8 50. Kg4 Ke7 51. Kf5 Kd7 52. Ke5 Kc6 53. Rf4 Rd7 54. Kd4 Kd6 55. Rf5 Kc6 56. Rf6+ Kc7 1/2-1/2

[Event "RUS-chTW Premier 2019"]
[Site "Sochi"]
[Date "2019.05.08"]
[Round "7.15"]
[White "Bivol, Alina"]
[Black "Absalyamova, Karina"]
[Result "1-0"]
[ECO "C10"]
[WhiteElo "2393"]
[BlackElo "2014"]
[Annotator "NA RC"]
[PlyCount "128"]
[EventDate "2019.04.30"]
[EventType "team-tourn"]
[EventCountry "RUS"]
[SourceTitle "playchess.com"]
[Source "ChessBase"]
[SourceQuality "1"]
[TimeControl "40/5400+30:1800+30"]

1. e4 e6 2. d4 d5 3. Nd2 dxe4 4. Nxe4 Nd7 5. g3 Ngf6 6. Nxf6+ Nxf6 7. Bg2 Be7 8. Nf3 O-O 9. O-O c5 10. dxc5 Bxc5 11. Qe2 {[%emt 0:03:11] C10: French with 3 Nc3: Unusual Black 3rd moves and 3...dxe4} (11. Ne5 Qc7 12. Qe2 Nd7 13. Nd3 Bd6 14. Be3 Ne5 15. Rfd1 Nc4 16. Bc1 e5 17. b3 Nb6 18. c4 Bf5 {1-0 (50) Safarli,E (2644)-Abasov,N (2479) Nakhchivan 2013}) 11... Qb6 12. Ne5 h6 13. Rd1 $146 ({Predecessor:} 13. c3 a5 14. Rd1 Rd8 15. Be3 Bxe3 16. Qxe3 Qc7 17. Rxd8+ Qxd8 18. Nc4 Ra6 {1-0 (40) Celik,E (1686)-Akdagli,G (1804) Manavgat 2016}) 13... Rd8 14. Rxd8+ Qxd8 15. c3 Qc7 16. Bf4 Nd5 17. Bxd5 exd5 18. Qb5 Be6 19. Nd3 Bd6 20. Bxd6 Qxd6 21. Qxb7 Re8 22. Re1 d4 23. Nf4 dxc3 24. bxc3 Qd2 25. Qb1 Qxc3 26. Nxe6 fxe6 27. Qe4 Qd2 28. Re2 Qd7 29. h4 Qb5 30. Kh2 Kh8 31. a4 Qb6 32. Qc4 Rf8 33. Qa2 Rf6 34. Rb2 Qc5 35. Rc2 Qd5 36. Qb2 Rf8 37. Rc7 e5 38. f4 Qf3 39. fxe5 Qe3 40. Rc2 Qe4 41. Re2 Qxa4 42. e6 Qc6 43. e7 Re8 44. Qe5 Qd7 45. Qf4 a5 46. g4 Kg8 47. Qc4+ Kh8 48. Qe4 Qd6+ 49. Kh3 Qf6 50. Kg3 a4 51. Qb4 Qf7 52. g5 Qg6 53. Qc5 h5 {[%emt 0:01:05] [#]} 54. Re3 $2 (54. Rd2 $1 $18 a3 55. Rd8 (55. Qxa3 Qb6 $14)) 54... Qb1 55. Kf4 Qb8+ {[%emt 0:03:01] [#]} 56. Kf5 $1 Qb1+ 57. Ke6 Kg8 58. Kd7 Qg6 59. Qd5+ Kh7 60. Re6 Qc2 61. Rh6+ gxh6 62. Qf7+ Kh8 63. Qxe8+ Kh7 64. Qf7+ Kh8 1-0

[Event "RUS-chTW Premier 2019"]
[Site "Sochi"]
[Date "2019.05.09"]
[Round "8.1"]
[White "Mukhina, Jana"]
[Black "Pogonina, Natalija"]
[Result "0-1"]
[ECO "C84"]
[WhiteElo "2098"]
[BlackElo "2453"]
[Annotator "ChessBase"]
[PlyCount "84"]
[EventDate "2019.05.01"]
[EventType "team-tourn"]
[EventCountry "RUS"]
[SourceTitle "playchess.com"]
[Source "ChessBase"]
[SourceQuality "1"]
[TimeControl "40/5400+30:1800+30"]

1. e4 e5 2. Nf3 Nc6 3. Bb5 a6 4. Ba4 Nf6 5. O-O Be7 6. d3 b5 7. Bb3 d6 8. a4 Bd7 9. c3 O-O 10. Re1 Na5 11. Bc2 c5 12. Nbd2 Nc6 13. Nf1 b4 14. Ne3 Re8 15. d4 bxc3 16. bxc3 cxd4 17. cxd4 exd4 18. Nxd4 Bf8 19. f3 d5 20. exd5 Nxd5 21. Nxc6 Bxc6 22. Qd3 Qh4 23. g3 Qh5 24. Qf5 Qxf5 25. Bxf5 Bb4 26. Re2 Nxe3 27. Bxe3 Rxe3 28. Rxe3 Bc5 29. Kf2 Re8 30. Raa3 Rxe3 31. Rxe3 Bxa4 32. Ke2 Bxe3 33. Kxe3 Bc6 34. f4 h5 35. Bd3 a5 36. f5 Kf8 37. h4 Ke7 38. Be2 Bd7 39. Bxh5 a4 40. Kd4 Bxf5 41. Kc3 Bd7 42. Kb4 f5 0-1

[Event "RUS-chTW Premier 2019"]
[Site "Sochi"]
[Date "2019.05.09"]
[Round "8.2"]
[White "Girya, Olga"]
[Black "Mironenko, Galina"]
[Result "1-0"]
[ECO "E15"]
[WhiteElo "2449"]
[BlackElo "1901"]
[Annotator "NA"]
[PlyCount "63"]
[EventDate "2019.05.01"]
[EventType "team-tourn"]
[EventCountry "RUS"]
[SourceTitle "playchess.com"]
[Source "ChessBase"]
[SourceQuality "1"]
[TimeControl "40/5400+30:1800+30"]

1. d4 Nf6 2. c4 e6 3. Nf3 b6 4. g3 Ba6 5. b3 Bb7 6. Bg2 {[%emt 0:00:00] E15: Queen's Indian: 4 g3 sidelines, 4 g3 Ba6 and 4 g3 Bb7 early deviations} Be7 7. O-O O-O 8. Bb2 Na6 9. Nc3 d5 10. cxd5 $146 ({Predecessor:} 10. e3 c5 11. Qe2 dxc4 {½-½ (11) Granda Zuniga,J (2621)-Lafuente,P (2454) Cali 2007}) 10... exd5 11. Rc1 Qc8 12. Ne5 Qe6 13. e3 Ne4 14. Ne2 Rfd8 15. Nf4 Qd6 16. Qh5 g6 17. Qe2 Nb4 18. a3 Ba6 19. Qd1 Bxf1 20. Bxf1 f6 21. axb4 fxe5 22. dxe5 Qd7 23. f3 Bxb4 24. fxe4 Bc5 25. Nxd5 Qg7 $18 26. Qf3 Rf8 27. Nf6+ Kh8 28. Rc2 Rac8 29. e6 Be7 30. Rf2 c5 31. Nd5 Qxb2 32. Qxf8+ 1-0

[Event "RUS-chTW Premier 2019"]
[Site "Sochi"]
[Date "2019.05.09"]
[Round "8.3"]
[White "Filippova, Darya"]
[Black "Guseva, Marina"]
[Result "0-1"]
[ECO "D10"]
[WhiteElo "2070"]
[BlackElo "2402"]
[Annotator "ChessBase"]
[PlyCount "44"]
[EventDate "2019.05.01"]
[EventType "team-tourn"]
[EventCountry "RUS"]
[SourceTitle "playchess.com"]
[Source "ChessBase"]
[SourceQuality "1"]
[TimeControl "40/5400+30:1800+30"]

1. d4 d5 2. c4 c6 3. Nc3 Nf6 4. e3 a6 5. cxd5 cxd5 6. Nf3 Nc6 7. g3 Bg4 8. Bg2 e6 9. O-O Bd6 10. h3 Bh5 11. Ne2 Bg6 12. Nf4 Be4 13. b3 O-O 14. Bb2 Rc8 15. Ne5 Nb4 16. Nfd3 Qa5 17. Bxe4 Nxe4 18. Nd7 Nxd3 19. Qxd3 Rfd8 20. Ne5 Ba3 21. Bxa3 Qxa3 22. Nc4 Rxc4 0-1

[Event "RUS-chTW Premier 2019"]
[Site "Sochi"]
[Date "2019.05.09"]
[Round "8.4"]
[White "Kovanova, Baira"]
[Black "Shamsutdinova, Karina"]
[Result "1-0"]
[ECO "A05"]
[WhiteElo "2349"]
[BlackElo "1684"]
[Annotator "NA"]
[PlyCount "73"]
[EventDate "2019.05.01"]
[EventType "team-tourn"]
[EventCountry "RUS"]
[SourceTitle "playchess.com"]
[Source "ChessBase"]
[SourceQuality "1"]
[TimeControl "40/5400+30:1800+30"]

1. Nf3 Nf6 2. g3 g6 3. b3 Bg7 4. Bb2 O-O 5. Bg2 d5 6. c4 e6 7. O-O c5 8. cxd5 exd5 9. d4 b6 10. Nc3 Bb7 11. Rc1 Bh6 12. e3 Ba6 13. Re1 c4 14. bxc4 Bxc4 15. Ne5 b5 16. Nxc4 bxc4 17. Qf3 Nbd7 18. Nxd5 Nxd5 19. Qxd5 {[%emt 0:02:55] Double Attack} Rb8 20. Ba3 Nb6 21. Qa5 Re8 $18 22. Bc5 Qd7 23. Rb1 Qc7 24. Rec1 Rec8 25. Bf1 Qc6 26. Qxa7 Nd7 27. Bh3 f5 28. Bg2 Qe6 29. Rxb8 Rxb8 30. Bf1 Qe8 31. Bd6 Rc8 32. Rxc4 Ra8 33. Qb7 Rd8 34. Rc7 Rb8 35. Qd5+ Kh8 36. Rxd7 Bg7 37. Bxb8 1-0

[Event "RUS-chTW Premier 2019"]
[Site "Sochi"]
[Date "2019.05.09"]
[Round "8.5"]
[White "Bodnaruk, Anastasia"]
[Black "Grabuzova, Tatiana"]
[Result "1-0"]
[ECO "C11"]
[WhiteElo "2431"]
[BlackElo "2314"]
[Annotator "NA"]
[PlyCount "77"]
[EventDate "2019.05.01"]
[EventType "team-tourn"]
[EventCountry "RUS"]
[SourceTitle "playchess.com"]
[Source "ChessBase"]
[SourceQuality "1"]
[TimeControl "40/5400+30:1800+30"]

1. e4 e6 2. d4 d5 3. Nc3 Nf6 4. e5 Nfd7 5. f4 c5 6. Nf3 Be7 {[%emt 0:00:15] C11: French: Classical System: 4 e5 and 4 Bg5 dxe4} (6... Nc6 7. Be3 cxd4 8. Nxd4 Qb6 9. Qd2 Qxb2 10. Rb1 Qa3 11. Bb5 Nxd4 12. Bxd4 a6 13. Bxd7+ Bxd7 14. Rb3 Qe7 15. Rxb7 Rc8 16. Qe3 Qd8 17. O-O Rc4 18. Rfb1 Be7 19. f5 {½-½ (31) Aronian,L (2763)-Vallejo Pons,F (2693) Karlsruhe/Baden Baden 2019}) 7. Be3 b6 8. Qd2 O-O 9. Be2 Nc6 10. O-O cxd4 11. Nxd4 Nxd4 12. Bxd4 Nb8 13. Nd1 Nc6 14. c3 f6 $146 ({Predecessor:} 14... Nxd4 15. cxd4 Bd7 16. Ne3 b5 {1-0 (35) Ivic,V (2487)-Cabarkapa,N (2443) Kragujevac 2019}) 15. exf6 Bxf6 16. Ne3 Nxd4 17. cxd4 b5 18. Ng4 Qb6 19. Nxf6+ Rxf6 20. Rac1 b4 21. Rc5 Ba6 22. g3 Raf8 23. Rfc1 Bxe2 24. Qxe2 g5 (24... h6 $16) 25. fxg5 Rf2 26. Qxf2 Rxf2 27. Kxf2 Kg7 $18 28. Ke3 $2 (28. h4 $18 {is more deadly.}) 28... Qd8 29. h4 Qd6 30. Kf3 Qf8+ 31. Kg2 Qf5 32. Rc7+ Kg6 33. Rf1 Qe4+ 34. Kh3 Kh5 35. Rxh7+ Kg6 36. Rhf7 Kh5 37. R7f6 Qg4+ 38. Kh2 Qe2+ 39. R1f2 1-0

[Event "RUS-chTW Premier 2019"]
[Site "Sochi"]
[Date "2019.05.09"]
[Round "8.6"]
[White "Zaiatz, Elena"]
[Black "Ovod, Evgenija"]
[Result "1/2-1/2"]
[ECO "A06"]
[WhiteElo "2345"]
[BlackElo "2362"]
[Annotator "ChessBase"]
[PlyCount "141"]
[EventDate "2019.05.01"]
[EventType "team-tourn"]
[EventCountry "RUS"]
[SourceTitle "playchess.com"]
[Source "ChessBase"]
[SourceQuality "1"]
[TimeControl "40/5400+30:1800+30"]

1. Nf3 d5 2. g3 Bg4 3. Bg2 c6 4. O-O Nd7 5. d4 e6 6. h3 Bxf3 7. exf3 g6 8. c3 Bg7 9. Re1 Ne7 10. Bg5 O-O 11. Qd2 f6 12. Bf4 e5 13. dxe5 Nxe5 14. Na3 Nf5 15. Rad1 Rf7 16. h4 Qf8 17. Nc2 Nc4 18. Qc1 Bh6 19. Bxh6 Qxh6 20. f4 Qf8 21. Nb4 Re8 22. b3 Ncd6 23. Nxd5 Rxe1+ 24. Rxe1 cxd5 25. Bxd5 Kg7 26. Bxf7 Nxf7 27. Qd1 Qc8 28. c4 h5 29. Qd5 b6 30. Re6 Qf8 31. Kg2 Qa3 32. Qd2 Qc5 33. Qc3 Nd4 34. b4 Qc8 35. Re1 Qc6+ 36. f3 Nb5 37. Qd3 Nbd6 38. Rc1 Nf5 39. Kf2 a5 40. a3 axb4 41. axb4 Qa4 42. Qd2 Qa7 43. Qb2 Qd7 44. Qc3 Ne7 45. Kg2 Nc6 46. Rc2 Nh6 47. Rd2 Qe7 48. b5 Na5 49. c5 Qxc5 50. Qxc5 bxc5 51. Rd7+ Nf7 52. g4 Kf8 53. Ra7 Nc4 54. Rc7 Nfd6 55. Rxc5 f5 56. gxh5 gxh5 57. Kf2 Ke7 58. Ke2 Nb6 59. Rc7+ Ke6 60. Rh7 Nd5 61. b6 Nxb6 62. Rh6+ Ke7 63. Rxh5 Nd5 64. Rg5 Nxf4+ 65. Ke3 Ne6 66. Rg1 f4+ 67. Kd3 Kf6 68. Rg8 Kf7 69. Rg4 Nf5 70. Ke4 Kf6 71. Rxf4 {Ke5+} 1/2-1/2

[Event "RUS-chTW Premier 2019"]
[Site "Sochi"]
[Date "2019.05.09"]
[Round "8.7"]
[White "Styazhkina, Anna"]
[Black "Tsiganova, Monika"]
[Result "1-0"]
[ECO "B53"]
[WhiteElo "2272"]
[BlackElo "2052"]
[Annotator "NA"]
[PlyCount "73"]
[EventDate "2019.05.01"]
[EventType "team-tourn"]
[EventCountry "RUS"]
[SourceTitle "playchess.com"]
[Source "ChessBase"]
[SourceQuality "1"]
[TimeControl "40/5400+30:1800+30"]

1. e4 c5 2. Nf3 d6 3. d4 cxd4 4. Qxd4 Nc6 5. Bb5 Bd7 6. Qd3 Nf6 7. c4 a6 8. Bxc6 Bxc6 9. Nc3 e6 10. O-O Be7 11. Nd4 Qc7 12. b3 O-O 13. Bb2 Rfd8 14. Rac1 Nd7 15. Nd5 exd5 16. cxd5 Nc5 17. Qg3 Nxe4 18. Qf4 Bg5 19. Qxe4 Bxc1 20. Rxc1 Re8 21. Qb1 Re5 22. dxc6 bxc6 23. Nf5 Re2 24. Bxg7 Qa5 25. Bc3 Qb6 26. Rf1 Re6 27. Qd3 Rae8 28. Ng7 Qb5 29. Qxb5 axb5 30. Nxe8 Rxe8 31. Rd1 d5 32. Kf1 Ra8 33. Rd2 Kf8 34. Bb4+ Kg7 35. Rc2 Ra6 36. Ke2 Kf6 37. Kd3 1-0

[Event "RUS-chTW Premier 2019"]
[Site "Sochi"]
[Date "2019.05.09"]
[Round "8.9"]
[White "Ambartsumova, Karina"]
[Black "Kosteniuk, Alexandra"]
[Result "1/2-1/2"]
[ECO "D02"]
[WhiteElo "2364"]
[BlackElo "2546"]
[Annotator "ChessBase"]
[PlyCount "44"]
[EventDate "2019.05.01"]
[EventType "team-tourn"]
[EventCountry "RUS"]
[SourceTitle "playchess.com"]
[Source "ChessBase"]
[SourceQuality "1"]
[TimeControl "40/5400+30:1800+30"]

1. Nf3 d5 2. d4 Nf6 3. g3 b5 4. Bg2 Bb7 5. O-O e6 6. c3 a5 7. a4 b4 8. Nbd2 c5 9. c4 Nbd7 10. Re1 cxd4 11. Nxd4 Qb6 12. Nb5 Bc5 13. e3 O-O 14. b3 Ne5 15. Bb2 Nd3 16. Bxf6 gxf6 17. Qg4+ Kh8 18. Qh4 Nxe1 19. Qxf6+ Kg8 20. Qg5+ Kh8 21. Qf6+ Kg8 22. Qg5+ Kh8 1/2-1/2

[Event "RUS-chTW Premier 2019"]
[Site "Sochi"]
[Date "2019.05.09"]
[Round "8.10"]
[White "Kovalevskaya, Ekaterina"]
[Black "Markelova, Lubov"]
[Result "1-0"]
[ECO "B10"]
[WhiteElo "2413"]
[BlackElo "2199"]
[Annotator "ChessBase"]
[PlyCount "139"]
[EventDate "2019.05.01"]
[EventType "team-tourn"]
[EventCountry "RUS"]
[SourceTitle "playchess.com"]
[Source "ChessBase"]
[SourceQuality "1"]
[TimeControl "40/5400+30:1800+30"]

1. c4 c6 2. e4 d5 3. exd5 cxd5 4. d4 dxc4 5. Bxc4 e6 6. Nf3 Nf6 7. O-O Be7 8. Nc3 Nc6 9. a3 O-O 10. Bf4 b6 11. Rc1 Bb7 12. Ba2 Rc8 13. Qd3 Re8 14. Rfd1 Bf8 15. Bg5 Ne7 16. h4 h6 17. Bxf6 gxf6 18. Ne4 Bg7 19. Rxc8 Nxc8 20. Ng3 Bd5 21. Bxd5 Qxd5 22. Ne2 Ne7 23. Nc3 Qh5 24. Qb5 Qxb5 25. Nxb5 a6 26. Nc7 Rc8 27. Nxa6 Rc2 28. Rd2 Rxd2 29. Nxd2 f5 30. Nf3 Nc6 31. d5 exd5 32. b4 Bb2 33. a4 Bc3 34. b5 Na5 35. Nc7 d4 36. Nd5 Nc4 37. Kf1 f6 38. Ke2 Kf7 39. Nxd4 Bxd4 40. Kd3 Bxf2 41. Kxc4 Ke6 42. Nf4+ Kd6 43. h5 Bg1 44. Ne2 Be3 45. Kd3 Bf2 46. Nf4 Ke5 47. Ng6+ Ke6 48. Ke2 Bg3 49. Ke3 Bd6 50. Kd4 Bc5+ 51. Kd3 Bd6 52. Nh4 Bg3 53. Nf3 Bf2 54. Nd2 Ke5 55. Ke2 Bc5 56. Nb3 Kd5 57. a5 bxa5 58. Nxa5 Ke4 59. Nb7 Ba7 60. Nd6+ Kf4 61. Nf7 Kg4 62. Nxh6+ Kg5 63. Ng8 Kxh5 64. Kf3 Kg5 65. Ne7 f4 66. Nd5 Bb8 67. b6 Kf5 68. Ne7+ Ke6 69. Nc6 Bc7 70. Ke4 {Kd5+} 1-0

[Event "RUS-chTW Premier 2019"]
[Site "Sochi"]
[Date "2019.05.09"]
[Round "8.11"]
[White "Shafigullina, Zarina"]
[Black "Bivol, Alina"]
[Result "0-1"]
[ECO "A49"]
[WhiteElo "2299"]
[BlackElo "2393"]
[Annotator "ChessBase"]
[PlyCount "184"]
[EventDate "2019.05.01"]
[EventType "team-tourn"]
[EventCountry "RUS"]
[SourceTitle "playchess.com"]
[Source "ChessBase"]
[SourceQuality "1"]
[TimeControl "40/5400+30:1800+30"]

1. d4 Nf6 2. Nf3 g6 3. g3 Bg7 4. Bg2 O-O 5. c4 d6 6. O-O Nc6 7. Nc3 Rb8 8. Re1 a6 9. e4 Bg4 10. Be3 Nd7 11. Qd2 e5 12. d5 Bxf3 13. Bxf3 Nd4 14. Bg2 c5 15. dxc6 bxc6 16. Ne2 c5 17. Nc1 Qc7 18. Nd3 a5 19. Rac1 Qa7 20. h4 Rb7 21. f4 Qa6 22. h5 Nb6 23. b3 Nd7 24. Bxd4 cxd4 25. c5 dxc5 26. Nxc5 Nxc5 27. Rxc5 gxh5 28. fxe5 a4 29. e6 fxe6 30. e5 Ra7 31. b4 d3 32. Rc6 Qb5 33. Rxe6 Rd8 34. Kh1 Qb8 35. Re3 Rad7 36. a3 Rd4 37. Re1 Qa7 38. Qg5 Qf7 39. Re7 Qg6 40. Qxg6 hxg6 41. e6 d2 42. Rd1 R4d6 43. Rd7 R6xd7 44. exd7 Rxd7 45. Bc6 Rd3 46. Bxa4 Rxa3 47. Bc2 Bh6 48. b5 Rc3 49. Bxg6 Rxg3 50. Be4 Re3 51. Bd5+ Kf8 52. Kg2 Re5 53. Bc6 Rc5 54. Kf2 Bg5 55. Ke2 h4 56. Kd3 Ke7 57. Ke2 Kd6 58. Kd3 Rc1 59. Ke2 Kc5 60. Bd7 Rc3 61. Rg1 Re3+ 62. Kd1 Re5 63. Rh1 Kd6 64. Bc6 Rc5 65. Ke2 Rc1 66. Rd1 h3 67. Bf3 Kc5 68. Kf2 Bf4 69. Be2 h2 70. Kg2 Kb4 71. b6 Kc3 72. b7 Kc2 73. Rh1 Re1 74. Bf3 Kd3 75. Bd1 Kd4 76. Bf3 Kc5 77. Bd1 Kb6 78. Bf3 Kc7 79. Bd1 Kxb7 80. Bf3+ Kb6 81. Bd1 Kc5 82. Bf3 Kd4 83. Bd1 Ke3 84. Bg4 Bg3 85. Bh5 Be5 86. Bd1 Bd6 87. Bh5 Rc1 88. Bd1 Rc5 89. Rf1 Rg5+ 90. Kh1 Kd4 91. Bc2 Re5 92. Rd1 Re1+ 0-1

[Event "RUS-chTW Premier 2019"]
[Site "Sochi"]
[Date "2019.05.09"]
[Round "8.12"]
[White "Voit, Daria"]
[Black "Bulatova, Kamaliya"]
[Result "1-0"]
[ECO "A20"]
[WhiteElo "2340"]
[BlackElo "2103"]
[Annotator "NA"]
[PlyCount "71"]
[EventDate "2019.05.01"]
[EventType "team-tourn"]
[EventCountry "RUS"]
[SourceTitle "playchess.com"]
[Source "ChessBase"]
[SourceQuality "1"]
[TimeControl "40/5400+30:1800+30"]

1. c4 e5 2. d3 g6 3. g3 Bg7 4. Bg2 d6 5. Nc3 Ne7 6. Rb1 O-O {[%emt 0:03:29] A21: English Opening: 1...e5 2 Nc3} (6... a5 7. e4 c5 8. Nge2 Nbc6 9. O-O O-O 10. Nb5 f5 11. exf5 Nxf5 12. Nec3 Nfd4 13. Be3 Kh8 14. Bxd4 Nxd4 {1-0 (38) Markowski,T (2552)-Kanarek,M (2530) Suwalki 2017}) 7. e3 c6 8. Nge2 Be6 9. b4 Qd7 10. O-O Bh3 11. Bxh3 $146 ({Predecessor:} 11. b5 Bxg2 12. Kxg2 Qc7 13. Ba3 {½-½ (21) Tonoli,P (2155)-Le Quang,K (2235) Belgium 1997}) 11... Qxh3 12. b5 Qe6 13. bxc6 bxc6 14. Qa4 Nd7 15. Ba3 f5 16. e4 f4 17. f3 g5 18. Rb7 a5 19. Nd5 Nxd5 $18 ({Black should try} 19... Rac8 $1 $14) 20. cxd5 Qh3 21. dxc6 Nf6 22. Rf2 g4 23. Qb3+ Kh8 24. Qe6 Qh5 25. gxf4 Rae8 26. Qxd6 gxf3 27. Ng3 Qh3 28. Rxg7 Kxg7 29. Rxf3 Qg4 30. Kg2 exf4 31. Rxf4 Qd1 32. Bb2 Qd2+ 33. Rf2 Qg5 34. Rxf6 Rxf6 35. Bxf6+ Qxf6 36. Nh5+ 1-0

[Event "RUS-chTW Premier 2019"]
[Site "Sochi"]
[Date "2019.05.09"]
[Round "8.13"]
[White "Borisova, Ekaterina"]
[Black "Badelka, Olga"]
[Result "1-0"]
[ECO "D20"]
[WhiteElo "2292"]
[BlackElo "2383"]
[Annotator "ChessBase"]
[PlyCount "147"]
[EventDate "2019.05.01"]
[EventType "team-tourn"]
[EventCountry "RUS"]
[SourceTitle "playchess.com"]
[Source "ChessBase"]
[SourceQuality "1"]
[TimeControl "40/5400+30:1800+30"]

1. d4 d5 2. c4 dxc4 3. e4 Nf6 4. e5 Nd5 5. Bxc4 Nb6 6. Bb3 Nc6 7. Ne2 Bf5 8. Nbc3 e6 9. O-O Qd7 10. Be3 O-O-O 11. Qc1 f6 12. Rd1 Nb4 13. Ng3 Bg6 14. Nge4 N4d5 15. f3 Nxe3 16. Qxe3 Nd5 17. Qf2 c6 18. Rac1 Kb8 19. exf6 gxf6 20. Nxd5 exd5 21. Nxf6 Qg7 22. Ng4 Bd6 23. Re1 Rde8 24. f4 Be4 25. Ne5 c5 26. Bc2 cxd4 27. Bxe4 dxe4 28. Rxe4 Bxe5 29. fxe5 d3 30. Rd1 Qc7 31. Qe3 Rhg8 32. Rxd3 Re6 33. Rd1 Qc2 34. Qe2 Qc5+ 35. Kh1 Rf8 36. Rf1 Rfe8 37. Re1 Rf8 38. b4 Qe7 39. a4 Rc8 40. a5 a6 41. h3 Rc3 42. Qd2 Rc8 43. Rd4 Re8 44. Rd7 Qh4 45. Re2 Rc6 46. Kh2 Ka8 47. Rd4 Qe7 48. Qd3 Rg6 49. Rd7 Qxb4 50. Rxh7 Rc6 51. Qf3 Qb5 52. e6 Rc1 53. Rg7 Qb1 54. e7 Rh1+ 55. Kg3 Qb4 56. Rg6 Qxa5 57. Ree6 Qc7+ 58. Qf4 Qc8 59. h4 Qd7 60. Qe4 Qc7+ 61. Qe5 Qc4 62. Rg4 Qd3+ 63. Qe3 Qd7 64. Rd4 Qc7+ 65. Kg4 Rg8+ 66. Kh5 Rh8+ 67. Kg6 Rg8+ 68. Kf7 Rc8 69. Qf4 Qc5 70. Re5 Qc7 71. Red5 Qc2 72. Rd8 Qh7+ 73. Kf6 Rhc1 74. Qxc1 1-0